AoeStats
← Manthasx22

Arena

509179844Analyzed
1v1 RM · 7d ago on Sep 25, 2026· 33m 13s· 2 players
Game mode
Random Map
Map size
Tiny (2 player)
Population
200
Speed
Normal
Resources
Standard
Victory
Conquest
Starting age
Dark Age
Ending age
Imperial Age
RankedLock teamsTeams togetherTeam positionsShared explorationLock speedFull tech treeHidden civsTurbo modeCheats
Victory
Defeat
🇨🇴 Franks · Colombia
995
+15
🇨🇿 Magyars · Czechia
971
-15
8FeaR8
10:03 Feudal Age
15:33 Castle Age
14:21 Double-Bit Axe
19:27 Stone Mining
19:45 Loom
21:24 Wheelbarrow
24:02 Horse Collar
24:29 Gold Mining
27:39 Imperial Age
25:45 Bow Saw
25:56 Heavy Plow
27:10 Corvinian Army
28:29 Fletching
Manthasx22
7:27 Loom
10:03 Feudal Age
14:56 Castle Age
13:51 Double-Bit Axe
28:23 Imperial Age
26:56 Wheelbarrow
Connection lost

Rejoining the realm…

Still unreachable

The connection could not be restored.

Session expired

The server has moved on; the page needs a fresh start.